 Dungeon Crawl Stone Soup version 0.28.0-53-g5a82cb258f (console) character file.

Game seed: 8336754191301365289

1040 Cab the Cleaver (level 8, -2/56 HPs)
             Began as a Demonspawn Gladiator on Aug 20, 2022.
             Was an Initiate of Okawaru.
             Killed from afar by a steam dragon (8 damage)
             ... with a ball of steam
             ... on level 6 of the Dungeon.
             The game lasted 00:19:34 (5332 turns).

Cab the Cleaver (Demonspawn Gladiator)              Turns: 5332, Time: 00:19:34

Health: -2/56      AC: 10    Str: 17    XL:     8   Next: 4%
Magic:  0/8        EV: 11    Int:  9    God:    Okawaru [......]
Gold:   321        SH:  0    Dex: 15    Spells: 7/7 levels left

rFire   . . .      SeeInvis .   a - +1 war axe
rCold   . . .      Faith    .   (no shield)
rNeg    . . .      Spirit   +   f - +0 ring mail
rPois   .          Reflect  .   c - +0 helmet
rElec   .          Harm     .   l - +0 cloak
rCorr   .          Rampage  .   k - +1 pair of gloves
Will    .....                   (no boots)
Stlth   +.........              o - amulet of guardian spirit
HPRegen 0.18/turn               (no ring)
MPRegen 0.11/turn               (no ring)

@: no status effects
A: claws 1, ignite blood 1, powered by death 1
a: Renounce Religion


You were on level 6 of the Dungeon.
You worshipped Okawaru.
Okawaru was noncommittal.
You visited 2 branches of the dungeon, and saw 7 of its levels.

You collected 321 gold pieces.

Inventory:

Hand Weapons
 a - a +1 war axe (weapon)
Missiles
 d - a throwing net (quivered)
Armour
 c - a +0 helmet (worn)
 f - a +0 ring mail (worn)
 k - a +1 pair of gloves (worn)
 l - a +0 cloak (worn)
Jewellery
 o - an amulet of guardian spirit (around neck)
Wands
 e - a wand of flame (12)
 q - a wand of paralysis (5)
Scrolls
 i - a scroll of identify
 n - a scroll of amnesia {unknown}
Potions
 g - 2 potions of curing
 h - 2 potions of attraction {unknown}
 r - 2 potions of brilliance
 s - a potion of mutation


   Skills:
 - Level 2.0 Fighting
 * Level 8.4 Axes
 - Level 1.7 Throwing
 - Level 3.1 Armour
 - Level 2.6 Dodging


You had 7 spell levels left.
You didn't know any spells.
Your spell library contained the following spells:

 Spells                   Type           Power      Damage    Failure   Level
 Apportation              Tloc           0%         N/A       58%         1
 Gell's Gravitas          Tloc           0%         N/A       91%         3
 Lesser Beckoning         Tloc           0%         N/A       91%         3
 Teleport Other           Tloc           0%         N/A       91%         3
 Animate Skeleton         Necr           Unusable   N/A       N/A         1
 Summon Small Mammal      Summ           Unusable   N/A       N/A         1

Dungeon Overview and Level Annotations

Branches:
Dungeon (6/15)             Temple (1/1) D:5

Altars:
Ashenzari
Cheibriados
Dithmenos
Elyvilon
Fedhas
Gozag
Hepliaklqana
Kikubaaqudgha
Makhleb
Nemelex Xobeh
Okawaru
Qazlal
Ru
Sif Muna
Trog
Uskayaw
Vehumet
Wu Jian
Xom
Yredelemnul
Zin
The Shining One


Innate Abilities, Weirdness & Mutations

You have sharp fingernails.
Your demonic aura sometimes causes spilled blood to erupt in flames.
You regenerate a little health from kills.


Message History

Aim: a steam dragon (59% to hit)
You throw a throwing net.
The throwing net barely misses the steam dragon.
The steam dragon breathes steam at you. The ball of steam hits you!!
You are engulfed in a cloud of scalding steam.
The steam dragon breathes steam at you. The ball of steam hits you!
You hit the steam dragon but do no damage.
You are engulfed in a cloud of scalding steam.
The steam dragon bites you but does no damage.
The steam dragon claws you.
You hit the steam dragon.
The steam dragon is lightly wounded.
The steam dragon barely misses you.
The steam dragon claws you but does no damage.
You hit the steam dragon but do no damage.
The steam dragon is lightly wounded.
The steam dragon closely misses you. The steam dragon claws you.
* * * LOW HITPOINT WARNING * * *
Press: ? - help, v - describe, . - travel
Here: a steam dragon (lightly wounded)
The floor.
The steam dragon breathes steam at you. The ball of steam hits you!
* * * LOW HITPOINT WARNING * * *
Okay, then.
Okay, then.
Press: ? - help, v - describe, . - travel The floor.
As you read the scroll labelled OKHACLUGIE, it crumbles to dust.
The air around you briefly surges with heat, but it dissipates.
It was a scroll of immolation.
This is a scroll of acquirement!
Something appears at your feet!
As you read the scroll labelled KETUTECUVIA, it crumbles to dust.
The scroll dissolves into smoke.
It was a scroll of fog.
The steam dragon breathes steam at you. The ball of steam hits you!
You die...

▒∙▒∙∙∙∙∙∙∙∙∙∙▒∙∙∙∙#∙∙∙
▒∙∙∙∙∙∙∙∙∙∙∙∙▒∙∙∙#∙##
▒∙∙∙∙∙∙∙∙∙∙∙∙▒∙∙∙#D#▒▒▒
▒>∙∙?∙∙∙∙∙∙∙∙▒∙∙∙∙#∙∙∙▒
▒▒∙∙∙▒▒▒▒▒▒▒▒▒ ▒∙▒ ▒▒▒▒
▒▒'▒▒∙∙∙∙∙∙▒ ▒∙▒▒∙(∙∙∙
▒∙▒▒∙∙∙∙##▒▒▒▒▒▒∙∙∙∙▒▒▒▒
▒∙∙'∙∙∙####D#∙D∙∙∙∙∙(∙∙∙
▒▒▒▒∙∙∙##@▒▒▒▒▒▒▒▒▒∙▒∙∙▒
▒∙∙∙###▒ ∙▒ ∙▒ ▒∙∙∙###▒
▒ ▒▒▒▒▒▒▒▒


You could see a steam dragon (catching breath).

Vanquished Creatures
  Sigmund (D:4)
  A sky beast (D:5)
  2 ogres
  A necrophage (D:5)
  A scorpion (D:4)
  A water moccasin zombie (D:5)
  A wyvern skeleton (D:4)
  A bullfrog zombie (D:5)
  3 orc priests (D:5)
  3 orc wizards (D:4)
  2 hound skeletons
  Robin (D:2)
  6 adders
  2 dart slugs
  19 orcs
  An endoplasm (D:1)
  A giant cockroach (D:4)
  10 goblins
  7 hobgoblins
  6 jackals
  2 kobolds
  A quokka (D:4)
  5 ball pythons
  2 bats
  A frilled lizard (D:1)
  4 rats
85 creatures vanquished.

Vanquished Creatures (others)
  A fungus (D:1)
  6 toadstools (D:5)
7 creatures vanquished.

Grand Total: 92 creatures vanquished

Notes
Turn   | Place    | Note
-------+----------+-------------------------------------------
     0 | D:1      | Cab the Demonspawn Gladiator began the quest for the Orb.
     0 | D:1      | Reached XP level 1. HP: 16/16 MP: 1/1
    61 | D:1      | Reached skill level 3 in Axes
   292 | D:1      | Gained mutation: Your demonic aura sometimes causes spilled
                  | blood to erupt in flames. [demonic ancestry]
   292 | D:1      | Reached XP level 2. HP: 17/22 MP: 2/2
   557 | D:1      | Found a faded altar of an unknown god.
   919 | D:2      | Gained mutation: You have sharp fingernails. [demonic
                  | ancestry]
   919 | D:2      | Reached XP level 3. HP: 27/27 MP: 3/3
  1082 | D:2      | Reached skill level 4 in Axes
  1170 | D:3      | Noticed Robin
  1727 | D:2      | Killed Robin
  1948 | D:3      | Gained mutation: You regenerate a little health from kills.
                  | [demonic ancestry]
  1948 | D:3      | Reached XP level 4. HP: 20/33 MP: 4/4
  2498 | D:4      | Reached skill level 1 in Armour
  2712 | D:4      | HP: 1/33 [something (1)]
  2716 | D:4      | Reached skill level 5 in Axes
  2716 | D:4      | Reached XP level 5. HP: 5/38 MP: 0/5
  3214 | D:4      | Noticed Sigmund
  3246 | D:4      | Killed Sigmund
  3247 | D:4      | Reached skill level 6 in Axes
  3247 | D:4      | Reached XP level 6. HP: 37/44 MP: 3/6
  3438 | D:4      | Reached XP level 7. HP: 11/50 MP: 2/7
  3885 | D:5      | Entered Level 5 of the Dungeon
  4020 | D:5      | Reached skill level 7 in Axes
  4077 | D:5      | Found a shadowy altar of Dithmenos.
  4429 | D:5      | Reached skill level 8 in Axes
  4572 | D:5      | Reached XP level 8. HP: 56/56 MP: 8/8
  4628 | D:5      | Found a staircase to the Ecumenical Temple.
  4637 | Temple   | Entered the Ecumenical Temple
  4645 | Temple   | Became a worshipper of Warmaster Okawaru
  5331 | D:6      | Identified a scroll of acquirement
  5331 | D:6      | Acquired the ring "Qaecuo" {AC+4 Dex+6}
  5332 | D:6      | Killed from afar by a steam dragon

Illustrated notes

Levels and vault maps discovered:
D:1:      lemuel_arrival_hallway, layout_rooms,
          dreamdust_ecumenical_altar_hidden_monk_grotto
D:2:      layout_rooms
D:3:      layout_rooms, uniq_robin
D:4:      layout_basic, uniq_sigmund
D:5:      layout_basic, mainiacjoe_overflow_six_doors_small,
          lemuel_temple_firewalk_b, minmay_gold_behind_fungi, feat_on_display
D:6:      layout_basic, uniq_blork_the_orc
Temple:   mainiacjoe_temple_hex_bubbles

Skill      XL: |  1  2  3  4  5  6  7 |
---------------+----------------------+-----
Axes           | 3 4 5 6 8 |  8.4
Armour         | 1 2 3 |  3.1
Fighting       | |  2.0
Throwing       | |  1.7
Dodging        | |  2.6

Action                   |  1- 3 |  4- 6 |  7- 9 || total
-------------------------+-------+-------+-------++-------
Melee: War axe           |    87 |   118 |    66 ||   271
       Punch             |     1 |       |     2 ||     3
Throw: Throwing net      |       |       |     3 ||     3
  Use: Potion            |       |     5 |       ||     5
       Scroll            |       |     2 |     9 ||    11
Armor: Leather armour    |    26 |    31 |       ||    57
       Skin              |       |    26 |       ||    26
       Ring mail         |       |    10 |    23 ||    33
Dodge: Dodged            |    80 |    69 |    27 ||   176
